 Dungeon Crawl Stone Soup version 0.30-a0-591-g3c58d2bc28 (webtiles) character file.

Game seed: 9567697619595955689

515 Citaku the Covered (level 7, -1/61 HPs)
             Began as a Minotaur Fighter on Jan 6, 2023.
             Was an Initiate of Wu Jian.
             Slain by Pikel
             ... wielding a +2 whip of electrocution
              (19 damage)
             ... on level 4 of the Dungeon.
             The game lasted 00:06:16 (3495 turns).

Citaku the Covered (Minotaur Fighter)               Turns: 3495, Time: 00:06:16

Health: -1/61      AC: 16    Str: 20    XL:     7   Next: 0%
Magic:  6/6        EV:  6    Int:  5    God:    Wu Jian [......]
Gold:   192        SH:  6    Dex: 18    Spells: 6/6 levels left

rFire   . . .      SeeInvis +    a - +0 war axe
rCold   . . .      Faith    .    c - +0 buckler
rNeg    . . .      Spirit   .    C - +0 plate armour
rPois   .          Reflect  .    (helmet restricted)
rElec   .          Harm     .    (no cloak)
rCorr   .          Rampage  .    q - +2 pair of gloves {hurl}
Will    .....                    (no boots) Stlth
                                 (no amulet)
HPRegen 0.30/turn                r - ring of see invisible
MPRegen 0.10/turn                B - +6 ring of dexterity

@: no status effects
A: horns 2, retaliatory headbutt
a: Renounce Religion


You were on level 4 of the Dungeon.
You worshipped Wu Jian.
Wu Jian was noncommittal.
You visited 1 branch of the dungeon, and saw 4 of its levels.

You collected 192 gold pieces.

Inventory:

Hand Weapons
 a - a +0 war axe (weapon)
 d - the +4 dagger "Morg" {pain, Will+ Int+5}
   (You found it on level 3 of the Dungeon)

   Int:       It affects your intelligence (+5).
   Will:      It increases your willpower.
Armour
 c - a +0 buckler (worn)
 q - a +2 pair of gloves of hurling (worn)
 C - a +0 plate armour (worn)
Jewellery
 r - a ring of see invisible (left hand)
 B - a +6 ring of dexterity (right hand)
Wands
 s - a wand of polymorph (9)
Scrolls
 e - 5 scrolls of teleportation {unknown}
 f - 5 scrolls of identify {unknown}
 g - a scroll of fog {unknown}
 h - a scroll of immolation {unknown}
 i - a scroll of brand weapon {unknown}
 l - a scroll of enchant armour {unknown}
 m - a scroll of poison {unknown}
 n - a scroll of amnesia {unknown}
 p - 2 scrolls of magic mapping {unknown}
 u - a scroll of enchant weapon {unknown}
 x - a scroll of fear {unknown}
 y - a scroll of blinking {unknown}
 A - a scroll of silence {unknown}
Potions
 j - 6 potions of curing {unknown}
 k - 2 potions of lignification {unknown}
 o - 3 potions of berserk rage {unknown}
 t - 2 potions of resistance {unknown}
 v - 2 potions of flight {unknown}
 w - 3 potions of magic {unknown}
 z - 2 potions of might


   Skills:
 + Level 5.1 Fighting
 * Level 5.5 Axes
 * Level 6.3 Armour
 + Level 5.0 Shields


You had 6 spell levels left.
You didn't know any spells.
Your spell library contained the following spells:

 Spells                   Type           Power      Damage    Failure   Level
 Necrotise                Necr           0%         1d4       100%        1
 Summon Small Mammal      Summ           0%         N/A       100%        1
 Call Canine Familiar     Summ           0%         N/A       100%        3
 Dazzling Flash           Conj/Hex       0%         N/A       100%        3
 Ozocubu's Armour         Ice            0%         N/A       100%        3
 Summon Guardian Golem    Hex/Summ       0%         N/A       100%        3
 Vampiric Draining        Necr           0%         2d6       100%        3
 Iskenderun's Mystic Bla  Conj/Tloc      0%         2d3       100%        4
 Agony                    Necr           0%         N/A       100%        5
 Metabolic Englaciation   Hex/Ice        0%         N/A       100%        5
 Simulacrum               Ice/Necr       0%         N/A       100%        6
 Starburst                Conj/Fire      0%         6d3       100%        6


Dungeon Overview and Level Annotations

Branches:
Dungeon (4/15)             Temple (0/1) D:4

Altars:
Wu Jian
Zin

Annotations:
D:4 Pikel


Innate Abilities, Weirdness & Mutations

You have a pair of horns on your head.
You reflexively headbutt those who attack you in melee.


Message History

You slash the lemure! Your headbutt misses the lemure.
The lemure is heavily wounded.
The lemure hits you but does no damage.
You closely miss the lemure. You headbutt the lemure.
The lemure is heavily wounded.
The lemure hits you but does no damage.
You hit the lemure but do no damage. Your headbutt misses the lemure.
The lemure is heavily wounded.
The lemure hits you but does no damage.
You closely miss the lemure. You headbutt the lemure.
The lemure is heavily wounded.
The lemure hits you but does no damage. The lemure hits you!
You closely miss the lemure.
The lemure is heavily wounded.
The lemure hits you but does no damage.
You hit the lemure.
The lemure is severely wounded.
The lemure hits you but does no damage.
You hit the lemure but do no damage.
The lemure is severely wounded.
The lemure hits you but does no damage.
You closely miss the lemure. Your headbutt misses the lemure.
The lemure is severely wounded.
You hit Pikel but do no damage. Pikel hits you but does no damage.
You are electrocuted!
You hit Pikel.
Pikel is lightly wounded.
Pikel hits you but does no damage.
You hit Pikel but do no damage.
Pikel is lightly wounded.
Pikel hits you but does no damage.
You hit Pikel but do no damage. Your headbutt misses Pikel.
Pikel is lightly wounded.
Pikel hits you with a +2 whip of electrocution.
You are electrocuted!
Pikel hits you but does no damage.
You are electrocuted!
* * * LOW HITPOINT WARNING * * *
You hit Pikel but do no damage. You headbutt Pikel.
Pikel is lightly wounded.
Pikel hits you but does no damage.
You are electrocuted!!
You die...

## .# ..##
..# 55# #5#
#K# ##@# #
#..# # #.##
# #.# # #.#
### ##.####
###..#
##...#.#
#....##
##......##
......#
#..>.....##


You could see Pikel and 3 lemures.

Vanquished Creatures
  A black bear (D:4)
  A phantom (D:4)
  A jelly (D:3)
  Jessica (D:2)
  Natasha (thrice) (D:3)
  An orc wizard (D:3)
  A scorpion zombie (D:3)
  A scorpion simulacrum (D:3)
  6 adders
  2 adder skeletons (D:3)
  An adder zombie (D:3)
  8 dart slugs
  5 orcs
  8 endoplasms
  3 giant cockroaches
  3 goblins
  6 hobgoblins
  8 jackals
  3 kobolds
  4 quokkas
  9 ball pythons
  A ball python skeleton (D:3)
  6 bats
  6 frilled lizards
  5 rats
94 creatures vanquished.

Vanquished Creatures (others)
  15 withered plants (D:3)
15 creatures vanquished.

Grand Total: 109 creatures vanquished

Notes
Turn   | Place    | Note
-------+----------+-------------------------------------------
     0 | D:1      | Citaku the Minotaur Fighter began the quest for the Orb.
     0 | D:1      | Reached XP level 1. HP: 19/19 MP: 0/0
     6 | D:1      | Noticed a merfolk zombie
   169 | D:1      | Reached XP level 2. HP: 27/27 MP: 1/1
   237 | D:1      | Reached skill level 4 in Armour
   322 | D:1      | Found a faded altar of an unknown god.
   563 | D:1      | Reached XP level 3. HP: 30/33 MP: 2/2
  1016 | D:2      | Noticed Jessica
  1023 | D:2      | Killed Jessica
  1024 | D:2      | Reached XP level 4. HP: 37/40 MP: 3/3
  2037 | D:3      | Reached skill level 5 in Armour
  2037 | D:3      | Reached XP level 5. HP: 27/46 MP: 4/4
  2215 | D:3      | Noticed Natasha
  2226 | D:3      | Killed Natasha
  2227 | D:3      | Found the +4 dagger "Morg" {pain, Will+ Int+5}
  2380 | D:3      | Reached XP level 6. HP: 53/53 MP: 5/5
  2471 | D:3      | Noticed Natasha
  2480 | D:3      | Killed Natasha
  2508 | D:3      | Noticed Natasha
  2514 | D:3      | Killed Natasha
  2578 | D:3      | Reached skill level 5 in Axes
  2886 | D:4      | Reached skill level 6 in Armour
  2975 | D:4      | Reached skill level 5 in Fighting
  2975 | D:4      | Reached skill level 5 in Shields
  3192 | D:4      | Reached XP level 7. HP: 61/61 MP: 6/6
  3264 | D:4      | Found an ornate altar of the Wu Jian Council.
  3270 | D:4      | Noticed a spectral centipede
  3270 | D:4      | Noticed a spectral black mamba
  3270 | D:4      | Noticed a spectral cane toad
  3271 | D:4      | Became a worshipper of the Wu Jian Council
  3320 | D:4      | Found a staircase to the Ecumenical Temple.
  3446 | D:4      | Found a glowing silver altar of Zin.
  3481 | D:4      | Noticed Pikel
  3495 | D:4      | Slain by Pikel

Illustrated notes

Levels and vault maps discovered:
D:1:      shiori_arrival_whats_in_store_for_you, layout_basic,
          basic_ecumenical_altar
D:2:      layout_basic, uniq_jessica
D:3:      layout_loops_cross, dilly_guarded_unrand_morg, uniq_natasha
D:4:      layout_cave_pods, lemuel_doored_altar,
          pdpol_wu_jian_five_deadly_venoms, minmay_temple_entry_wispy,
          hangedman_decor_push, minmay_misc_feat_secret_circle, st_stairs_13,
          uniq_crazy_yiuf_cottage, uniq_pikel

Skill      XL: |  1  2  3  4  5  6 |
---------------+-------------------+-----
Armour         | 4 5 6 |  6.3
Axes           | 3 4 5 |  5.5
Shields        | 4 5 |  5.0
Fighting       | 4 5 |  5.1

Action                   |  1- 3 |  4- 6 |  7- 9 || total
-------------------------+-------+-------+-------++-------
Melee: War axe           |    75 |   144 |    15 ||   234
       Headbutt          |    10 |    18 |     3 ||    31
  Use: Potion            |       |     1 |       ||     1
Armor: Scale mail        |    35 |    95 |       ||   130
       Plate armour      |       |       |    12 ||    12
Dodge: Dodged            |    45 |    75 |     1 ||   121
Block: Buckler           |    19 |    39 |       ||    58

Table legend: (Time is in decaauts)
 A = Elapsed time spent in this place.
 B = Non-inter-level travel time spent in this place.
 C = Inter-level travel time spent in this place.
 D = Time resting spent in this place.
 E = Time spent auto-exploring this place.
 F = Levels seen in this place.
 G = Mean time per level.
                   A        B        C        D        E       F      G
               +--------+--------+--------+--------+--------+-----+--------+
         Total |   3584 |   3584 |      0 |     45 |   2567 |   4 |  896.0 |
       Dungeon |   3584 |   3584 |      0 |     45 |   2567 |   4 |  896.0 |
               +--------+--------+--------+--------+--------+-----+--------+

Top non-repeatable levels by time:
     D:2: 1124 daAuts
     D:3: 939 daAuts
     D:1: 849 daAuts
     D:4: 671 daAuts
